 Dungeon Crawl Stone Soup version 0.30-a0-377-g5cb311bc9f (webtiles) character file.

Game seed: 9880765786759411457

135 NinjaNoafa the Shooter (level 4, -2/22 HPs)
             Began as a Spriggan Hunter on Nov 27, 2022.
             Killed from afar by Ijyb (10 damage)
             ... with a puff of flame
             ... on level 3 of the Dungeon.
             The game lasted 00:04:24 (2063 turns).

NinjaNoafa the Shooter (Spriggan Hunter)            Turns: 2063, Time: 00:04:25

Health: -2/22      AC:  2    Str:  7    XL:     4   Next: 96%
Magic:  5/5        EV: 18    Int: 10    God:
Gold:   72         SH:  0    Dex: 20    Spells: 3/3 levels left

rFire   . . .      SeeInvis +    a - +0 shortbow
rCold   . . .      Faith    .    (shield currently unavailable)
rNeg    . . .      Spirit   .    s - +0 robe {Will+}
rPois   .          Reflect  .    (helmet restricted)
rElec   .          Harm     .    (no cloak)
rCorr   .          Rampage  .    (gloves unavailable)
Will    +....                    (boots unavailable)
Stlth   ++........               (no amulet)
HPRegen 0.23/turn                (no ring)
MPRegen 0.09/turn                (no ring)

@: very quick
A: very small, no large weapons, unfitting armour, see invisible, speed 3
a: no special abilities


You were on level 3 of the Dungeon.
You visited 1 branch of the dungeon, and saw 3 of its levels.

You collected 72 gold pieces.

Inventory:

Hand Weapons
 a - a +0 shortbow (weapon)
 u - a +1 dagger of draining
Missiles
 d - 30 stones
 j - 4 poisoned darts
 p - 3 boomerangs
Armour
 s - a +0 robe of willpower (worn)
Scrolls
 b - a scroll of immolation
 e - 2 scrolls of summoning {unknown}
 l - 2 scrolls of teleportation {unknown}
 m - a scroll of enchant weapon {unknown}
 n - a scroll of butterflies {unknown}
 o - a scroll of brand weapon {unknown}
 t - a scroll of identify {unknown}
Potions
 c - a potion of cancellation {unknown}
 f - a potion of heal wounds {unknown}
 g - a potion of brilliance {unknown}
 h - 2 potions of degeneration {unknown}
 i - a potion of lignification {unknown}
 k - 2 potions of curing {unknown}
 q - a potion of magic {unknown}
 r - 3 potions of haste {unknown}


   Skills:
 - Level 1.5 Fighting
 + Level 6.3 Ranged Weapons
 - Level 2.6 Dodging
 - Level 1.5 Stealth


You had 3 spell levels left.
You didn't know any spells.
Your spell library contained the following spells:

 Spells                   Type           Power      Damage    Failure   Level
 Beastly Appendage        Tmut           0%         N/A       36%         1
 Wereblood                Tmut           0%         N/A       50%         2
 Spider Form              Tmut/Pois      0%         N/A       75%         3


Dungeon Overview and Level Annotations

Branches:
Dungeon (3/15)

Altars:
Fedhas

Annotations:
D:3 2 transporters, Ijyb; qeuew's ghost, weakling DECj


Innate Abilities, Weirdness & Mutations

You are very small and have problems with some larger weapons.
You are too small for most types of armour.
You have supernaturally acute eyesight. (SInv)
You cover ground extremely quickly. (Speed+++)


Message History

You climb upwards.
There is a stone staircase leading down here.
You start resting.
HP restored.
There is an escape hatch in the floor here.
You slide downwards.
The hatch slams shut behind you.
Level annotation: 2 transporters, Ijyb; qeuew's ghost, weakling DECj
Found a ring mail.
Search for what [? for help]? blade You see here a +1 dagger of draining.
u - a +1 dagger of draining Ijyb zaps a wand.
The puff of flame hits you!
You sense an unholy aura.
u - a +1 dagger of draining (weapon)
You barely miss Ijyb. Ijyb barely misses you.
You closely miss Ijyb. Ijyb barely misses you.
You hit Ijyb but do no damage. Ijyb completely misses you.
You hit Ijyb. You drain Ijyb.
Ijyb is moderately wounded.
Ijyb hits you with a +0 club.
You hit Ijyb but do no damage. You drain Ijyb.
Ijyb is moderately wounded.
Ijyb hits you with a +0 club.
* * * LOW HITPOINT WARNING * * *
Okay, then.
Okay, then.
The bat attacks as you move away! The bat misses you.
The bat attacks as you move away! The bat closely misses you. x2
a - a +0 shortbow (weapon)
The bat barely misses you. The bat attacks as you move away!
The bat closely misses you. The bat misses you.
Fire: a) +0 shortbow
Press: ? - help, Q - select action, (/) - cycle Shift-Dir - straight line, f - bat
Aim: a bat (53% to hit)
You shoot an arrow. The arrow hits the bat!
You kill the bat!
Unknown command.
Ijyb zaps a wand.
The puff of flame hits you!
You die...

......##........>................
...... ##...............#...#....
...... #........................
...... #.#..)..#.....####.##....
......###...#####....## ##.##....
............##....##.####..###...
#......###.....#...........###...
..#...)###.......#.######....#...
#...#)[)....g†..@............##..
..#...#..#.#######.######....###.
#...#...#.########.# ##.### ##
..#...#.÷÷....##...# ##.## #.
#...#...#..##....##### #...# #.
..#...#...######.......##...####.
#...#...#.# #>......##.<......
..#...#...# ###..#######...####.
#...#...#.####....# ##### #.


You could see Ijyb (very drained).

Vanquished Creatures
  Jessica (D:3)
  4 adders
  A worm (D:3)
  2 dart slugs
  3 orcs (D:3)
  7 endoplasms
  4 giant cockroaches
  5 goblins
  3 hobgoblins
  2 kobolds (D:2)
  6 quokkas
  3 ball pythons
  12 bats
  2 frilled lizards
  7 rats
62 creatures vanquished.

Notes
Turn   | Place    | Note
-------+----------+-------------------------------------------
     0 | D:1      | NinjaNoafa the Spriggan Hunter began the quest for the Orb.
     0 | D:1      | Reached XP level 1. HP: 10/10 MP: 2/2
   208 | D:1      | Reached XP level 2. HP: 14/14 MP: 3/3
   798 | D:2      | Reached skill level 5 in Ranged Weapons
   798 | D:2      | Reached XP level 3. HP: 18/18 MP: 4/4
  1502 | D:3      | Noticed qeuew's ghost (weakling DECj)
  1535 | D:3      | Reached XP level 4. HP: 22/22 MP: 5/5
  1535 | D:3      | Found a transporter.
  1566 | D:3      | Found a blossoming altar of Fedhas.
  1584 | D:3      | Found a transporter.
  1623 | D:3      | Noticed Jessica
  1626 | D:3      | Reached skill level 6 in Ranged Weapons
  1638 | D:3      | Killed Jessica
  1668 | D:3      | Noticed Ijyb
  2063 | D:3      | Killed from afar by Ijyb

Illustrated notes

Levels and vault maps discovered:
D:1:      dpeg_arrival_snail, layout_loops_ring
D:2:      layout_loops_ring, kennysheep_cross_room
D:3:      layout_rooms, fedhas_altar_1, mainiacjoe_overflow_alcove_4,
          gammafunk_ghost_stat_death, hex_large, uniq_ijyb, uniq_jessica

Skill      XL: |  1  2  3  4 |
---------------+-------------+-----
Ranged Weapons | 5 6 |  6.3
Fighting       | |  1.5
Dodging        | |  2.6
Stealth        | |  1.5

Action                   |  1- 3 |  4- 6 || total
-------------------------+-------+-------++-------
Melee: Dagger            |       |     5 ||     5
 Fire: Shortbow          |   136 |    48 ||   184
Armor: Robe              |     5 |     4 ||     9
Dodge: Dodged            |    46 |    21 ||    67

Table legend: (Time is in decaauts)
 A = Elapsed time spent in this place.
 B = Non-inter-level travel time spent in this place.
 C = Inter-level travel time spent in this place.
 D = Time resting spent in this place.
 E = Time spent auto-exploring this place.
 F = Levels seen in this place.
 G = Mean time per level.
                   A        B        C        D        E       F      G
               +--------+--------+--------+--------+--------+-----+--------+
         Total |   1453 |   1372 |     81 |    117 |    834 |   3 |  484.3 |
       Dungeon |   1453 |   1372 |     81 |    117 |    834 |   3 |  484.3 |
               +--------+--------+--------+--------+--------+-----+--------+

Top non-repeatable levels by time:
     D:2: 634 daAuts
     D:1: 490 daAuts
     D:3: 328 daAuts
